 Dungeon Crawl Stone Soup version 0.22-a0-825-ga28c36f (console) character file.

7 tminei the Digger (level 2, -3/15 HPs)
             Began as a Gargoyle Earth Elementalist on July 24, 2018.
             Slain by a gnoll
             ... wielding a +0 spear
              (7 damage)
             ... on level 1 of the Dungeon.
             The game lasted 00:01:29 (261 turns).

tminei the Digger (Gargoyle Earth Elementalist)      Turns: 261, Time: 00:01:30

Health: -3/15      AC:  4    Str: 11    XL:     2   Next: 4%
Magic:  0/5        EV: 12    Int: 15    God:
Gold:   0          SH:  0    Dex: 10    Spells: 4/5 levels left

rFire    . . .     SeeInvis .   (no weapon)
rCold    . . .     Gourm    .   (no shield)
rNeg     + . .     Faith    .   c - +0 robe
rPois    ∞         Spirit   .   (no helmet)
rElec    +         Reflect  .   (no cloak)
rCorr    .         Harm     .   (no gloves)
MR       .....                  (no boots)
Stlth    ++........             (no amulet)
HPRegen  0.05/turn              (no ring)
MPRegen  0.09/turn              (no ring)

@: no status effects
A: negative energy resistance 1, electricity resistance, unbreathing,
petrification resistance, rot immunity, AC +2
a: no special abilities


You were on level 1 of the Dungeon.
You were not hungry.

You visited 1 branch of the dungeon, and saw 1 of its levels.

Inventory:

Missiles
 b - 38 stones (quivered)
Armour
 c - a +0 robe (worn)
Scrolls
 e - a scroll of enchant weapon {unknown}
Comestibles
 a - 2 chunks of flesh
 d - a ration


   Skills:
 + Level 1.6 Dodging
 + Level 2.1 Stealth
 + Level 2.1 Spellcasting
   Level 0.7 Transmutations
 + Level 4.1 Earth Magic


You had 4 spell levels left.
You knew the following spells:

 Your Spells              Type           Power        Failure   Level  Hunger
a - Sandblast             Erth           ##....       4%          1    #......

Your spell library contained the following spells:

 Spells                   Type           Power        Failure   Level  Hunger
 Stone Arrow              Conj/Erth      #.....       28%         3    ###....
 Passwall                 Tmut/Erth      #.......     12%         2    ###....
 Lee's Rapid Deconstruct  Erth           ##........   73%         5    ######.
 Petrify                  Tmut/Erth      #.......     63%         4    #####..


Dungeon Overview and Level Annotations

Branches:
Dungeon (1/15)

Altars:


Innate Abilities, Weirdness & Mutations

You are resistant to torment.
Your stone body is resilient. (AC +2)
You are immune to poison.
You resist negative energy. (rN+)
You are resistant to electric shocks. (rElec)
You can survive without breathing.
You are immune to petrification.
You are immune to rotting.


Message History

You hit the jackal but do no damage.
The jackal is heavily wounded.
The jackal closely misses you. The jackal bites you.
The jackal barely misses you. The jackal bites you.
You take 3 damage, and have 6/15 hp.
You barely miss the jackal.
The jackal is heavily wounded.
The jackal bites you. x2
* * * LOW HITPOINT WARNING * * *
The gnoll barely misses you.
You take 2 damage, and have 4/15 hp.
You closely miss the jackal.
The jackal is heavily wounded.
The jackal misses you.
The jackal bites you but does no damage.
The gnoll barely misses you. The jackal misses you. x2
You closely miss the jackal.
The jackal is heavily wounded.
The gnoll hits you from afar with a spear!
You die...

ЇЇЇ ЇЇЇЇЇЇЇЇЇЇЇЇЇЇЇЇЇЇЇЇЇЇЇЇ.Ї
Ї........................Ї
Ї.ЇЇЇЇЇЇЇЇЇЇЇЇЇЇЇЇЇЇЇЇЇЇ.Ї
ЇЇ.ЇЇЇЇЇЇЇЇЇЇЇЇЇЇ Ї.Ї
................Ї Ї.Ї
ЇЇЇЇ.ЇЇЇЇЇЇЇЇЇЇ.ЇЇЇЇЇЇЇЇЇ.Ї
Ї........................Ї
ЇЇ.Ї.ЇЇЇЇЇЇЇЇЇЇ.ЇЇЇЇЇЇЇЇЇЇЇ ЇЇ
[.....Ї................... .Ї .
......Ї.Ї..ЇЇЇ.....ЇЇЇЇЇЇЇ .Ї .
......Ї.Ї..Ї Ї.....Ї [Ї..
......Ї.Ї..Ї
Ї.....ЇЇЇЇЇЇЇЇЇЇЇЇ.Ї.Ї
......Ї.Ї..Ї
Ї..................†..
......Ї.Ї..ЇЇЇ...@hЇЇЇЇЇЇЇ....$.Ї
......Ї.Ї...ЇЇ...h.ЇЇЇЇЇЇЇ......Ї
>.÷..........ЇЇ'ЇЇhg....Ї.)g....Ї
.Ї.Ї.ЇЇ.ЇЇ...ЇЇ.ЇЇ......Ї.ЇЇЇЇЇ.Ї
...Ї.ЇЇ.................h.......Ї
'ЇЇЇ.ЇЇЇЇЇ....Ї..........Ї....Ї..
......ЇЇ
Ї..Ї.Ї.........ЇЇ....ЇЇ..
............Ї.Ї.........Ї
.....Ї...
.......................ЇЇ
.ЇЇ..ЇЇ..
......ЇЇЇЇ.ЇЇЇ.Ї.Ї.....Ї ЇЇ
Ї..Ї.. .ЇЇЇЇЇЇ Ї. .Ї.Ї.ЇЇЇ.Ї ..Ї
.Ї .. ...Ї.Ї Ї. .Ї .ЇЇЇЇЇ .
.....ЇЇ. ........ .....ЇЇЇ ..[..Ї
.....Ї .....Ї ЇЇ.ЇЇЇЇЇ Ї.ЇЇЇ.Ї
Ї.....Ї ЇЇ....Ї Ї....Ї Ї..ЇЇЇЇЇЇ
Ї..+...<Ї


You could see a gnoll and 4 jackals.

Vanquished Creatures
  2 giant cockroaches (D:1)
  2 hobgoblins (D:1)
  A frilled lizard (D:1)
  A kobold (D:1)
  A rat (D:1)
7 creatures vanquished.

Notes
Turn   | Place    | Note
-------+----------+-------------------------------------------
     0 | D:1      | tminei the Gargoyle Earth Elementalist began the quest for the Orb.
     0 | D:1      | Reached XP level 1. HP: 10/10 MP: 3/3
   147 | D:1      | Reached skill level 4 in Earth Magic
   241 | D:1      | Reached XP level 2. HP: 15/15 MP: 1/5
   261 | D:1      | Slain by a gnoll

Vault maps used:
D:1:      sevenhm_arrival_forest_fort_small_6, minmay_misc_feat_iff

Skill      XL: |  1 |
---------------+----+-----
Earth Magic    | 4 |  4.1
Dodging        | |  1.6
Stealth        | |  2.1
Spellcasting   | |  2.1
Transmutations | |  0.7

Action                   || total
-------------------------++-------
Melee: Unarmed           ||    17
 Cast: Sandblast         ||    10
Armor: Robe              ||    11
Dodge: Dodged            ||    32

Table legend:
 A = Spawn XP
 B = Non-spawn XP
 C = Spawn XP percentage of total XP
 D = Spawn monster count
 E = Non-spawn monster count
 F = Spawn count percentage of total count
 G = Total turns spent on level
                    A         B        C        D         E        F      G
               +---------+---------+-------+---------+---------+-------+---------
         Total |       0 |      11 |   0.0 |       0 |       7 |   0.0 |   261
               +---------+---------+-------+---------+---------+-------+---------
           D:1 |       0 |      11 |   0.0 |       0 |       7 |   0.0 |   261
               +---------+---------+-------+---------+---------+-------+---------
